Map: Invader LE

Players

Pixels

  • Race: Zerg Zerg
  • League: Platinum

blackxored - Winner!

  • Race: Zerg Zerg
  • League: Platinum

VOD

Have the link to the VOD?

Description

Time

  • Played on: June 25, 2016, 2:40 p.m.
  • Length: 18:36
Show
View Real Time Build Order
Export as new Build Order

Pixels Zerg 

Build Orders: Pool First 

Get SALT Encoding   

  12  0:01  Drone  
  13  0:23  Spawning Pool  
  13  0:26  Drone  
  13  0:32  Drone  
  13  0:35  Extractor  
  13  0:38  Drone  
  14  0:45  Overlord  
  15  1:10  Zergling x6  
  18  1:20  Hatchery  
  18  1:25  Zergling x2  
  19  1:32  Zergling x2  
  19  1:40  Queen  
  19  1:46  Overlord  
  21  1:54  Zergling x2  
  22  2:03  Spine Crawler  
  21  2:16  Queen  
  21  2:21  Drone x2  
  25  2:33  Queen  
  27  2:53  Drone x6  
  33  3:05  Extractor x2  
  32  3:10  Spine Crawler  
  30  3:17  Spine Crawler  
  29  3:23  Drone x4  
  29  3:26  Drone  
  34  3:57  Roach Warren  
  33  4:04  Drone x3  
  36  4:11  Overlord  
  36  4:12  Overlord  
  36  4:30  Queen  
  38  4:35  Drone x4  
  38  4:37  Drone x3  
  45  4:46  Roach  
  45  4:49  Roach  
  49  4:56  Roach  
  51  5:00  Overlord  
  51  5:01  Overlord  
  51  5:19  Roach x4  
  51  5:21  Roach x2  
  63  5:36  Roach x2  
  63  5:38  Overlord  
  63  5:39  Overlord  
  67  5:49  Overlord  
  67  5:59  Roach x5  
  77  6:15  Evolution Chamber  
  76  6:19  Roach x5  
  86  6:29  Evolution Chamber  
  85  6:35  Spine Crawler  
  84  6:59  Queen x2  
  87  7:02  Spore Crawler  
  87  7:05  Spore Crawler  
  87  7:07  Spore Crawler  
  65  7:34  Queen  
  65  7:35  Queen  
  46  8:25  Lair  
  42  8:45  Spore Crawler  
  41  8:52  Drone x5  
  46  8:57  Drone x4  
  46  9:02  Extractor  
  49  9:05  Extractor  
  48  9:18  Drone  
  48  9:19  Drone x3  
  52  9:30  Drone  
  52  9:31  Drone x3  
  56  9:34  Drone x2  
  56  9:36  Drone x2  
  60  9:42  Hydralisk Den  
  59  9:46  Infestation Pit  
  58  10:08  Roach x3  
  58  10:09  Roach x2  
  68  10:16  Zerg Missile Weapons Level 1  
  68  10:19  Zerg Ground Armor Level 1  
  68  10:20  Hydralisk x2  
  68  10:21  Hydralisk x6  
  72  10:24  Overlord x3  
  72  10:25  Overlord  
  72  10:27  Pathogen Glands  
  84  10:34  Muscular Augments  
  84  10:42  Hydralisk x3  
  90  10:43  Hydralisk  
  92  11:04  Hydralisk x5  
  102  11:17  Nydus Network  
  101  11:24  Overlord x2  
  101  11:26  Infestor x2  
  101  11:28  Infestor  
  101  11:32  Infestor  
  109  11:53  Nydus Canal  
  109  12:03  Hydralisk x6  
  65  12:50  Roach x4  
  65  12:51  Roach x5  
  83  13:09  Roach x4  
  83  13:10  Roach  
  93  13:15  Roach  
  95  13:35  Zerg Ground Armor Level 2  
  95  13:37  Overlord x3  
  93  13:47  Roach x7  
  104  14:02  Roach x4  
  114  14:03  Roach  
  114  14:12  Hydralisk x2  
  118  14:26  Hydralisk x3  
  118  14:31  Hydralisk  
  80  14:54  Infestor x2  
  80  14:55  Infestor  
  86  15:01  Lurker Den  
  86  15:17  Pneumatized Carapace  
  82  15:53  Roach x4  
  82  15:54  Roach  
  69  16:26  Hatchery  
  69  16:29  Extractor  
  69  16:31  Extractor  
  66  16:33  Lurker x3  
  66  16:34  Lurker x2  
  66  16:37  Zergling x4  
  71  17:46  Drone  
  72  17:57  Drone  
Show
View Real Time Build Order
Export as new Build Order

blackxored Zerg - Winner!

Build Orders: Pool First 

Get SALT Encoding   

  12  0:01  Drone  
  13  0:15  Drone  
  14  0:22  Overlord  
  14  0:30  Extractor  
  14  0:31  Drone  
  15  0:42  Drone x2  
  17  0:56  Extractor  
  16  0:58  Spawning Pool  
  16  0:59  Drone  
  16  1:00  Drone  
  17  1:13  Drone  
  18  1:22  Overlord  
  18  1:48  Zergling x2  
  18  1:49  Zergling x2  
  18  1:51  Spine Crawler  
  19  1:54  Drone  
  19  1:55  Baneling Nest  
  19  1:57  Queen  
  21  2:07  Zergling x2  
  22  2:17  Metabolic Boost  
  22  2:18  Zergling x2  
  23  2:33  Zergling x2  
  24  2:38  Baneling  
  24  2:39  Baneling  
  24  2:49  Drone x2  
  26  2:58  Baneling x2  
  26  3:06  Baneling  
  26  3:11  Drone x3  
  29  3:18  Overlord, Queen, Hatchery  
  33  3:48  Drone x3  
  33  3:52  Extractor  
  33  3:55  Lair  
  32  4:00  Hatchery  
  31  4:13  Drone x2  
  33  4:39  Drone x5  
  37  4:49  Drone x2  
  39  5:02  Roach Warren  
  39  5:06  Drone  
  39  5:08  Spire  
  39  5:14  Drone x5  
  43  5:18  Overlord  
  43  5:22  Queen  
  45  5:48  Drone x3  
  48  5:50  Drone x8  
  56  5:57  Extractor  
  56  5:58  Extractor  
  54  6:08  Roach  
  54  6:10  Overlord x3, Extractor  
  54  6:11  Overlord  
  55  6:12  Extractor  
  54  6:23  Spine Crawler  
  53  6:26  Spine Crawler x2  
  53  6:32  Mutalisk  
  51  6:36  Mutalisk x4  
  51  6:37  Mutalisk  
  63  6:55  Mutalisk x2  
  63  6:58  Zergling x4  
  63  6:59  Zergling x10  
  72  7:08  Mutalisk  
  67  7:24  Mutalisk  
  67  7:26  Mutalisk  
  67  7:29  Drone x3  
  74  7:30  Drone x3  
  74  7:32  Drone  
  74  7:34  Drone  
  79  7:51  Hatchery  
  76  8:05  Mutalisk x2  
  76  8:16  Drone x2  
  76  8:17  Drone x2  
  76  8:18  Drone  
  76  8:19  Drone x2  
  82  8:23  Drone  
  83  8:31  Hatchery  
  82  8:39  Glial Reconstitution  
  82  8:45  Evolution Chamber x2  
  80  8:49  Mutalisk  
  80  8:54  Overlord x3  
  82  9:05  Overlord x2  
  82  9:06  Overlord  
  82  9:14  Drone x9  
  91  9:27  Roach x5  
  91  9:28  Roach  
  103  9:37  Zerg Missile Weapons Level 1, Zerg Ground Armor Level 1  
  103  9:40  Queen  
  103  9:42  Drone  
  106  9:47  Roach x2  
  110  9:53  Roach  
  110  9:54  Roach x2  
  116  10:06  Roach x5  
  126  10:11  Overseer  
  126  10:18  Drone x3  
  126  10:19  Drone x3  
  132  10:22  Extractor x2  
  132  10:24  Drone x2  
  132  10:25  Drone  
  132  10:26  Drone x2  
  135  10:29  Drone  
  136  10:38  Overlord x2  
  136  10:39  Overlord x2  
  136  11:03  Overseer  
  136  11:05  Drone x3  
  136  11:06  Drone x2  
  136  11:07  Drone  
  142  11:13  Roach x8  
  142  11:14  Roach x5  
  168  11:32  Overlord x3  
  168  11:34  Zerg Ground Armor Level 2, Zerg Missile Weapons Level 2  
  168  11:44  Hatchery  
  167  11:55  Drone x2  
  167  11:58  Roach x11  
  167  12:00  Overlord x4  
  191  12:09  Drone  
  191  12:12  Infestation Pit  
  191  12:20  Roach  
  191  12:21  Roach x6  
  199  12:28  Roach x5  
  197  12:34  Roach x3  
  193  12:39  Queen  
  183  12:45  Roach x8  
  199  13:01  Hive  
  199  13:12  Overseer  
  199  13:36  Ravager  
  200  14:19  Ultralisk Cavern  
  177  14:50  Zerg Ground Armor Level 3, Zerg Missile Weapons Level 3  
  177  14:52  Roach x15  
  199  15:00  Drone  
  199  15:02  Extractor  
  199  15:04  Extractor  
  198  15:18  Ravager x2  
  200  15:27  Hatchery  
  171  16:17  Overseer x4  
  171  16:18  Viper x2, Overseer  
  171  16:19  Viper x2  
  171  16:21  Ultralisk  
  171  16:22  Overlord x4  
  177  17:35  Ultralisk  
  177  17:36  Ultralisk x3  
  199  17:42  Extractor  
  198  17:45  Extractor  
  197  18:02  Ravager x3  
Tags
 
Add a new tag
Caveats
  • Supply blocks, unpowered buildings, or Contaminate may cause inaccurate times.
  • Supply counts are checked every 10 seconds.